 Dungeon Crawl Stone Soup version 0.28-a0-631-g0446da8ef9 (webtiles) character file.

Game seed: 17039305725121106963

796 KristoblXynda the Slasher (level 7, -3/91 HPs)
             Began as a Purple Draconian Gladiator on Oct 10, 2021.
             Was a Priest of Dithmenos.
             Killed by divine providence
             ... invoked by an orc priest
              (12 damage)
             ... on level 4 of the Dungeon.
             The game lasted 00:07:38 (6275 turns).

KristoblXynda the Slasher (DrGl)                    Turns: 6275, Time: 00:07:38

Health: -3/91      AC: 23    Str: 18    XL:     7   Next: 58%
Magic:  10/10      EV:  2    Int:  9    God:    Dithmenos [***...]
Gold:   175        SH:  0    Dex: 12    Spells: 2/6 levels left

rFire   . . .      SeeInvis .   a - +0 long sword
rCold   . . .      Faith    .   (no shield)
rNeg    . . .      Spirit   .   (armour unavailable)
rPois   +          Reflect  .   (helmet currently unavailable)
rElec   .          Harm     .   (cloak currently unavailable)
rCorr   .          Rampage  .   (gloves currently unavailable)
Will    +....      NoTele   +   (boots currently unavailable)
Stlth   ++........              (no amulet)
HPRegen 0.25/turn               (no ring)
MPRegen 0.12/turn               (no ring)

@: tree-form, wreathed by umbra
A: stationary, stasis, torment immunity, boosted hp, (breathe power), AC +6,
unfitting armour, (cold-blooded)
a: Renounce Religion, Shadow Step


You were on level 4 of the Dungeon.
You worshipped Dithmenos.
Dithmenos was most pleased with you.
You were a tree.
You visited 2 branches of the dungeon, and saw 6 of its levels.

You collected 175 gold pieces.

Inventory:

Hand Weapons
 a - a +0 long sword (weapon)
Missiles
 c - 2 throwing nets (quivered)
Armour
 b - a +0 hat (melded)
 j - a +0 cloak (melded)
Jewellery
 d - a ring of fire
 e - a ring of magical power
Scrolls
 h - a scroll of fear
 i - a scroll of amnesia {unknown}
 l - a scroll of noise {unknown}
 m - a scroll of enchant armour {unknown}
 n - a scroll of vulnerability {unknown}
 o - a scroll of silence {unknown}
Potions
 f - 3 potions of flight
 g - a potion of curing
 p - a potion of magic {unknown}
 q - a potion of brilliance {unknown}
 r - a potion of mutation


   Skills:
 + Level 5.1 Fighting
 + Level 5.2 Long Blades
 - Level 2.0 Throwing
 + Level 4.7 Dodging
 + Level 4.0 Invocations


You had 2 spell levels left.
You knew the following spells:

 Your Spells              Type           Power      Damage    Failure   Level
a - Petrify               Tmut/Erth      0%         N/A       99%         4

Your spell library contained the following spells:

 Spells                   Type           Power      Damage    Failure   Level
 Sublimation of Blood     Necr           0%         N/A       52%         2
 Wereblood                Tmut           0%         N/A       52%         2
 Frozen Ramparts          Ice            0%         1d2       77%         3
 Ice Form                 Ice/Tmut       0%         N/A       99%         4
 Summon Ice Beast         Ice/Summ       0%         N/A       99%         4
 Irradiate                Conj/Tmut      0%         3d14      100%        5
 Summon Hydra             Summ           0%         N/A       100%        7


Dungeon Overview and Level Annotations

Branches:
Dungeon (5/15)             Temple (1/1) D:4

Altars:
Ashenzari
Cheibriados
Dithmenos
Fedhas
Gozag
Kikubaaqudgha
Makhleb
Nemelex Xobeh
Okawaru
Qazlal
Uskayaw
Vehumet
Xom
Yredelemnul
Zin
The Shining One

Shops:
D:1 (


Innate Abilities, Weirdness & Mutations

You are a tree.
Your roots penetrate the ground, keeping you stationary.
You cannot be teleported.
You are immune to unholy pain and torment.
Your maximum health is greatly increased.
Your equipment is partially melded.
((You can breathe bolts of dispelling energy.))
((Your rich purple scales are hard. (AC +6)))
You cannot fit into any form of body armour.
((You are cold-blooded and may be slowed by cold attacks.))


Message History

Really quaff the potion of lignification?
You turn into a tree.
Your +0 cloak melds into your body.
Your +0 hat melds into your body.
Your roots penetrate the ground.
The orc priest hits you with a +0 club. The iguana completely misses you.
Unknown command.
You barely miss the orc priest.
The orc priest is lightly wounded.
The orc priest hits you but does no damage.
The iguana bites you but does no damage.
You closely miss the orc priest.
The orc priest is lightly wounded.
The orc priest looks encouraged for a moment.
The iguana bites you but does no damage.
The orc priest hits you but does no damage.
You hit the orc priest.
The orc priest is moderately wounded.
The iguana bites you but does no damage.
The orc priest barely misses you.
You barely miss the orc priest.
The orc priest is moderately wounded.
The iguana barely misses you.
The orc priest mumbles some strange prayers to Beogh against you.
Beogh smites you!
* * * LOW HITPOINT WARNING * * *
You hit the orc priest but do no damage.
The orc priest is moderately wounded.
The iguana bites you!
* * * LOW HITPOINT WARNING * * *
The orc priest hits you but does no damage.
You hit the orc priest but do no damage.
The orc priest is moderately wounded.
The iguana bites you.
* * * LOW HITPOINT WARNING * * *
The orc priest hits you but does no damage.
You hit the orc priest.
The orc priest is moderately wounded.
The iguana bites you but does no damage.
The orc priest mumbles some strange prayers to Beogh against you.
Beogh smites you!
You die...

..##..............##......)......
........###..##....#.#.....#.....
.......## ##...............#.....
...#..### ##...............##..#.
...##...###.......#...#.....#.##.
....#...#.##......#...#..#..#....
...........#.............##......
..(.....##......o.#|.....##......
....#.####..[..)♣........##......
....#####......l.?.......##....##
...## #..............####........
....###..####.#####..###.....#...
......##.# #)######..#......#...
.........## #.#.#.##.........##.#
#.....##..###.............#..)..#
#.#..##....##...#............#...
###..#..............#.......###..


You could see an iguana and an orc priest.

Vanquished Creatures
  An ice beast (D:4)
  2 ogres (D:4)
  A phantom (D:5)
  A wyvern skeleton (D:5)
  A howler monkey (D:5)
  A hound (D:5)
  Crazy Yiuf (D:2)
  A bullfrog zombie (D:5)
  A gnoll shaman (D:3)
  Jessica (D:2)
  An iguana (D:4)
  Robin (D:2)
  5 gnolls (D:3)
  2 adders
  A white imp (D:5)
  An ufetubus (D:5)
  3 worms
  4 dart slugs
  6 orcs
  4 ball pythons
  5 bats
  9 endoplasms
  A giant cockroach (D:4)
  13 goblins
  13 hobgoblins
  10 jackals
  3 quokkas
  3 frilled lizards
  4 kobolds
  A quokka skeleton (D:2)
  6 rats
107 creatures vanquished.

Notes
Turn   | Place    | Note
-------+----------+-------------------------------------------
     0 | D:1      | KristoblXynda the Draconian Gladiator began the quest for
                  | the Orb.
     0 | D:1      | Reached XP level 1. HP: 17/17 MP: 1/1
   154 | D:1      | Reached XP level 2. HP: 24/25 MP: 2/2
   407 | D:1      | Found a faded altar of an unknown god.
   416 | D:1      | Became a worshipper of Dithmenos the Shadowed
   416 | D:1      | Reached * piety under Dithmenos
   657 | D:1      | Found Utatyre's Weapon Emporium.
  1213 | D:2      | Noticed Robin
  1229 | D:1      | Reached XP level 3. HP: 10/30 MP: 3/3
  1793 | D:2      | Reached ** piety under Dithmenos
  1799 | D:2      | Killed Robin
  2056 | D:2      | Reached XP level 4. HP: 34/38 MP: 4/4
  2060 | D:2      | Reached skill level 1 in Invocations
  2480 | D:2      | Found a runed translucent door.
  2481 | D:2      | Noticed Crazy Yiuf
  2736 | D:2      | Noticed Jessica
  2740 | D:2      | Killed Jessica
  3063 | D:2      | Killed Crazy Yiuf
  3064 | D:2      | Reached XP level 5. HP: 45/45 MP: 6/6
  3117 | D:3      | Found an iron altar of Okawaru.
  3498 | D:3      | Found an opulent altar of Gozag.
  3514 | D:3      | Found a stormy altar of Qazlal.
  4449 | D:4      | Reached *** piety under Dithmenos
  4557 | D:4      | Noticed an ogre
  4564 | D:4      | Killed an ogre
  4565 | D:4      | Reached XP level 6. HP: 33/52 MP: 6/8
  4570 | D:4      | Learned a level 4 spell: Petrify
  4738 | D:4      | Noticed an ice beast
  4758 | D:4      | Killed an ice beast
  4808 | D:4      | Your scales start taking on a rich purple colour.
  4808 | D:4      | Reached XP level 7. HP: 10/60 MP: 9/9
  5094 | D:4      | Found a staircase to the Ecumenical Temple.
  5203 | D:4      | Found a burning altar of Makhleb.
  5207 | D:4      | Noticed a green death
  5211 | D:4      | Noticed an orange demon
  5211 | D:4      | Noticed a hellwing
  5583 | Temple   | Entered the Ecumenical Temple
  5813 | D:5      | Entered Level 5 of the Dungeon
  5924 | D:5      | Found a radiant altar of Vehumet.
  5946 | D:5      | Reached skill level 5 in Long Blades
  5953 | D:5      | Reached skill level 5 in Fighting
  6275 | D:4      | Killed from afar by an orc priest

Illustrated notes

Levels and vault maps discovered:
D:1:      psy_arrival_conway, layout_loops_corners, serial_shops, shop,
          ebering_ecumenical_altar_sacrificial
D:2:      layout_loops_ring, uniq_jessica, uniq_robin, uniq_crazy_yiuf_cottage
D:3:      layout_basic, mainiacjoe_overflow_paths, okawaru_metal_pillars_3,
          nicolae_overflow_crystal_walls, wander_ebering_terrifying_dragon_lair
D:4:      layout_cave_pools, makhleb_altar_promises_db, minmay_temple_entry_mist
D:5:      layout_gridville, vehumet_crystals, nzn_random_ring
Temple:   minmay_temple_curvy_loop

Skill      XL: |  1  2  3  4  5  6  7 |
---------------+----------------------+-----
Throwing       | 2 |  2.0
Dodging        | 3 4 |  4.7
Fighting       | 3 4 5 |  5.1
Invocations    | 1 2 3 4 |  4.0
Long Blades    | 4 5 |  5.2

Action                   |  1- 3 |  4- 6 |  7- 9 || total
-------------------------+-------+-------+-------++-------
Melee: Long sword        |   119 |   153 |   109 ||   381
       Tailslap          |    13 |    19 |    15 ||    47
Throw: Throwing net      |       |     3 |       ||     3
  Use: Scroll            |       |     2 |     3 ||     5
       Potion            |       |     4 |     1 ||     5
 Stab: Sleeping          |     2 |     3 |       ||     5
       Held in net/web   |       |     2 |       ||     2
Armor: Skin              |    49 |    48 |    47 ||   144
Dodge: Dodged            |    98 |   147 |   116 ||   361

Table legend: (Time is in decaauts)
 A = Elapsed time spent in this place.
 B = Non-inter-level travel time spent in this place.
 C = Inter-level travel time spent in this place.
 D = Time resting spent in this place.
 E = Time spent auto-exploring this place.
 F = Levels seen in this place.
 G = Mean time per level.
                   A        B        C        D        E       F      G
               +--------+--------+--------+--------+--------+-----+--------+
         Total |   6377 |   6159 |    218 |   1511 |   3668 |   6 | 1062.8 |
       Dungeon |   6158 |   5963 |    195 |   1511 |   3476 |   5 | 1231.6 |
        Temple |    219 |    196 |     23 |      0 |    192 |   1 |  219.0 |
               +--------+--------+--------+--------+--------+-----+--------+

Top non-repeatable levels by time:
     D:1: 2049 daAuts
     D:4: 1394 daAuts
     D:3: 1319 daAuts
     D:2: 1126 daAuts
     D:5: 268 daAuts
  Temple: 219 daAuts
